 Dungeon Crawl Stone Soup version 0.21.1-1-g345015f (webtiles) character file.

161 JeffiDaFish the Skirmisher (level 5, 0/47 HPs)
             Began as a Draconian Chaos Knight on Feb 23, 2018.
             Slain by a hound (5 damage)
             ... on level 3 of the Dungeon.
             The game lasted 00:04:29 (2032 turns).

JeffiDaFish the Skirmisher (Draconian Chaos Knight) Turns: 2032, Time: 00:04:29

Health: 0/47       AC: 10    Str: 15      XL:     5   Next: 18%
Magic:  5/5        EV: 12    Int: 12      God:    Xom [..*...]
Gold:   108        SH:  3    Dex: 10 (11) Spells: 4/4 levels left

rFire    . . .     SeeInvis +   a - +1 hand axe (chaos)
rCold    . . .     Gourm    .   i - +0 buckler
rNeg     . . .     Faith    .   (armour unavailable)
rPois    .         Spirit   .   (helmet restricted)
rElec    .         Reflect  .   e - +0 cloak
rCorr    .         Harm     .   f - +2 pair of gloves
MR       .....                  h - +0 pair of boots
Stlth    +.........             (no amulet)
HPRegen  0.15/turn              d - ring of see invisible
MPRegen  0.09/turn              (no ring)

@: no status effects
A: unfitting armour, cold-blooded, AC +5
a: Renounce Religion


You were on level 3 of the Dungeon.
You worshipped Xom.
You were a toy of Xom.
You were not hungry.

You visited 1 branch of the dungeon, and saw 3 of its levels.

You collected 108 gold pieces.

Inventory:

Hand Weapons
 a - a +1 hand axe of chaos (weapon)
Armour
 e - a +0 cloak (worn)
 f - a +2 pair of gloves (worn)
 h - a +0 pair of boots (worn)
 i - a +0 buckler (worn)
Jewellery
 d - a ring of see invisible (left hand)
Wands
 c - a wand of random effects (13)
Comestibles
 b - 2 rations


   Skills:
 + Level 4.6 Fighting
 + Level 4.1 Axes
 + Level 2.9 Dodging
 * Level 1.4 Shields


You had 4 spell levels left.
You didn't know any spells.

Dungeon Overview and Level Annotations

Branches:
Dungeon (3/15)

Altars:
Okawaru
Ru


Innate Abilities, Weirdness & Mutations

Your plain brown scales are hard. (AC +5)
You cannot fit into any form of body armour.
You are cold-blooded and may be slowed by cold attacks.


Message History

Lightning courses through the orc wizard!
You kill the orc wizard!
You have reached level 5!
You start resting.
Eating a chunk of flesh.
You eat the chunk of flesh.
This raw flesh tastes terrible.
A hound comes into view.
c - a wand of random effects (13)
Things that are here:
a short sword; a trident; an orc corpse You start resting.
The hound barks!
The hound bites you.
* * * LOW HITPOINT WARNING * * *
You closely miss the hound.
Your tail-slap misses the hound.
The hound bites you.
* * * LOW HITPOINT WARNING * * *
You closely miss the hound.
Xom's power almost touches on you for a moment.
Nothing appears to happen.
The hound bites you.
You die...

##.# #...# # .....###.
.#..o.o..#.#
....._.....#####.# #...
#........ #.. #.###.#..
# #.. ###.###.#. #
#.##h@........ .
#..)######.##.
############.#)#
...........#...######.#
#...#...#..##.........#
.........._##..########
#...#...#..##..#
...........##h.###
############.....#


You could see a hound.

Vanquished Creatures
  A crimson imp (D:3)
  An orc priest (D:3)
  An orc wizard (D:3)
  A worm (D:3)
  2 dart slugs
  2 leopard geckos (D:2)
  2 orcs (D:3)
  4 giant cockroaches
  7 goblins
  6 hobgoblins
  9 jackals (D:1)
  5 kobolds
  5 bats
  A frilled lizard (D:1)
  A frilled lizard (shapeshifter) (D:1)
  5 rats
53 creatures vanquished.

Vanquished Creatures (others)
  A quokka (D:3)
  A fire vortex (D:2)
2 creatures vanquished.

Grand Total: 55 creatures vanquished

Notes
Turn   | Place    | Note
-------+----------+-------------------------------------------
     0 | D:1      | JeffiDaFish the Draconian Chaos Knight began the quest for the Orb.
     0 | D:1      | Reached XP level 1. HP: 19/19 MP: 1/1
    20 | D:1      | XOM: divination: magic mapping
    43 | D:1      | Reached XP level 2. HP: 20/26 MP: 2/2
   443 | D:1      | Reached XP level 3. HP: 32/33 MP: 3/3
   876 | D:2      | XOM: divination: detect creatures
  1218 | D:2      | XOM: mild Fire miscast
  1518 | D:3      | Reached XP level 4. HP: 41/41 MP: 4/4
  1574 | D:3      | XOM: enchant monster (bad)
  1575 | D:3      | XOM: cast spell 'Summon Mana Viper'
  1654 | D:3      | XOM: noise
  1797 | D:3      | XOM: cloud trail
  1855 | D:3      | Found a sacrificial altar of Ru.
  1965 | D:3      | Found an iron altar of Okawaru.
  1981 | D:3      | XOM: enchant monster (good)
  1983 | D:3      | XOM: smoke on damage
  1985 | D:3      | Reached skill level 1 in Shields
  1987 | D:3      | HP: 1/41 [orc wizard/dagger (6)]
  1995 | D:3      | Reached XP level 5. HP: 3/47 MP: 5/5
  2032 | D:3      | XOM: harmless Summ miscast
  2032 | D:3      | Slain by a hound

Skill      XL: |  1  2  3  4 |
---------------+-------------+-----
Fighting       | 4 |  4.6
Axes           | 4 |  4.1
Shields        | 1 |  1.4
Dodging        | |  2.9

Action                   |  1- 3 |  4- 6 || total
-------------------------+-------+-------++-------
Melee: Hand axe          |   119 |    35 ||   154
       Tailslap          |     7 |     4 ||    11
  Use: Potion            |     2 |       ||     2
       Scroll            |     4 |     1 ||     5
 Stab: Confused          |       |     1 ||     1
  Eat: Chunk             |     1 |     3 ||     4
Armor: Skin              |    58 |    10 ||    68
Dodge: Dodged            |    93 |    21 ||   114
Block: Buckler           |       |     3 ||     3
